 Dungeon Crawl Stone Soup version 0.28-a0-730-g892d06dc2c (webtiles) character file.

Game seed: 12889277562920966512

65 willcat the Sneak (level 3, 0/22 HPs)
             Began as a Deep Elf Delver on Oct 28, 2021.
             Succumbed to a gnoll's poison
             ... on level 6 of the Dungeon.
             The game lasted 00:00:27 (22 turns).

willcat the Sneak (Deep Elf Delver)                   Turns: 22, Time: 00:00:27

Health: 0/22       AC:  3    Str:  9    XL:     3   Next: 92%
Magic:  5/5        EV: 12    Int: 15    God:
Gold:   0          SH:  0    Dex: 16    Spells: 2/2 levels left

rFire   . . .      SeeInvis .   a - +0 short sword
rCold   . . .      Faith    .   (no shield)
rNeg    . . .      Spirit   .   b - +0 leather armour
rPois   .          Reflect  .   (no helmet)
rElec   .          Harm     .   (no cloak)
rCorr   .          Rampage  .   (no gloves)
Will    .....                   (no boots)
Stlth   +++.......              (no amulet)
HPRegen 0.07/turn               (no ring)
MPRegen 0.09/turn               (no ring)

@: lethally poisoned (0 -> -7)
A: no striking features
a: no special abilities


You were on level 6 of the Dungeon.
You visited 1 branch of the dungeon, and saw 2 of its levels.

Inventory:

Hand Weapons
 a - a +0 short sword (weapon)
Armour
 b - a +0 leather armour (worn)
Wands
 g - a wand of digging (3)
 h - a wand of mindburst (10)
Scrolls
 c - a scroll of fog
 d - a scroll of magic mapping
Potions
 f - a potion of haste


   Skills:
 - Level 2.4 Fighting
 + Level 2.7 Short Blades
 + Level 3.3 Dodging
 + Level 6.5 Stealth
 + Level 1.7 Evocations


You had 2 spell levels left.
You didn't know any spells.
Your spell library was empty.

Dungeon Overview and Level Annotations

Branches:
Dungeon (6/15)
 Temple: D:4-7

Altars:

Shops:
D:6 ?


Message History

Your experience leads to an increase in your attributes!
Increase (S)trength, (I)ntelligence, or (D)exterity?
You feel clever.
A gnoll comes into view. It is wielding a +2 spear of venom.
There is a stone staircase leading down here.
Press: ? - help, . - travel You can't see that place. [the floor.]
A gnoll is nearby!
A gnoll is nearby!
A gnoll is nearby!
The gnoll hits you with a +2 spear of venom!
You are poisoned.
There is a stone staircase leading down, spattered with blood here.
Unknown command.
You feel sick.
The gnoll hits you with a +2 spear of venom.
You are lethally poisoned!
You climb downwards.
You feel sick.
The white imp shouts, "Get thee hence, thou canting ditch-delivered dewberry!"
The gnoll shouts! x4
Found 23 gold pieces and a robe.
Found Zeda's Magic Scroll Boutique.
Found an escape hatch in the ceiling.
Found a stone staircase leading down and a stone staircase leading up.
There is a stone staircase leading up here.
As you read the scroll of fear, it crumbles to dust.
You assume a fearsome visage.
The ice beast looks frightened!
The white imp looks frightened!
The gnoll shaman looks frightened!
The gnoll looks frightened! x4; The orc priest looks frightened!
The orc priest shouts!
The gnoll looks frightened!
* * * LOW HITPOINT WARNING * * *
You feel very sick.
You hear a shout!
Okay, then.
Found a stone staircase leading down.
* * * LOW HITPOINT WARNING * * *
You feel sick.
Unknown command.
You die...

.. #.5 .. [ ...
#..##...# ..
..###.......# #..
..#.....#.## ..g.
.......<...
.....##.........#
..g.g.....g>...#
.......<...$...#
$....#.8.@.<.8.#
... #........## .
#.......g....#
##............#
###...........
#..........#
..#.....#.##
#o..#...Y###


You could see an ice beast (fleeing), a gnoll shaman (fleeing), an orc priest
(fleeing) and 4 gnolls.

Vanquished Creatures
  A gnoll sergeant (D:5)
1 creature vanquished.

Notes
Turn   | Place    | Note
-------+----------+-------------------------------------------
     0 | D:5      | willcat the Deep Elf Delver began the quest for the Orb.
     0 | D:5      | Reached XP level 1. HP: 13/13 MP: 3/3
     6 | D:5      | Noticed a gnoll sergeant
    10 | D:5      | Killed a gnoll sergeant
    11 | D:5      | Reached skill level 1 in Evocations
    11 | D:5      | Reached XP level 2. HP: 18/18 MP: 4/4
    11 | D:5      | Reached XP level 3. HP: 22/22 MP: 5/5
    19 | D:6      | Noticed an ice beast
    19 | D:6      | Found Zeda's Magic Scroll Boutique.
    22 | D:6      | Succumbed to a gnoll's poison

Illustrated notes

Levels and vault maps discovered:
D:5:      layout_cave_pools, ebering_ghost_gozag, chequers_decorated_corner,
          uniq_duvessa
D:6:      lemuel_insect_pit, layout_cave_pools, nicolae_ru_the_path_less_chosen,
          temple_fountains, serial_shops, shop_statue, nicolae_shop_waterfront,
          nicolae_shop_trees, nicolae_diamond_shop, kennysheep_cross_room,
          uniq_blork_the_orc

Skill      XL: |  1 |
---------------+----+-----
Dodging        | 3 |  3.3
Evocations     | 1 |  1.7
Fighting       | |  2.4
Short Blades   | |  2.7
Stealth        | |  6.5

Action                   || total
-------------------------++-------
Evoke: Wand              ||     4
  Use: Scroll            ||     1

Table legend: (Time is in decaauts)
 A = Elapsed time spent in this place.
 B = Non-inter-level travel time spent in this place.
 C = Inter-level travel time spent in this place.
 D = Time resting spent in this place.
 E = Time spent auto-exploring this place.
 F = Levels seen in this place.
 G = Mean time per level.
                   A        B        C        D        E       F      G
               +--------+--------+--------+--------+--------+-----+--------+
         Total |     21 |     21 |      0 |      0 |      0 |   2 |   10.5 |
       Dungeon |     21 |     21 |      0 |      0 |      0 |   2 |   10.5 |
               +--------+--------+--------+--------+--------+-----+--------+

Top non-repeatable levels by time:
     D:5: 19 daAuts
     D:6: 2 daAuts
